 Dungeon Crawl Stone Soup version 0.19-a0-1468-ge013c26 (webtiles) character file.

4992 jacquesderrida the Summoner (level 10, -5/75 HPs)
             Began as a Demonspawn Summoner on Sept 7, 2016.
             Was a Follower of Ashenzari.
             Slain by a minotaur
             ... wielding a +2 rod of clouds (0/9)
              (9 damage)
             ... in a labyrinth.
             The game lasted 00:32:14 (4488 turns).

jacquesderrida the Summoner (Demonspawn Summoner)   Turns: 4488, Time: 00:32:15

Health: -5/75      AC: 11    Str: 14    XL:     10   Next: 29%
Magic:  9/18       EV: 17    Int: 19    God:    Ashenzari [*.....]
Gold:   467        SH:  0    Dex: 19    Spells: 6 memorised, 3 levels left

rFire  . . .     SeeInvis .     G - +3 short sword (venom)
rCold  . . .     Gourm    .     J - +0 ring mail
rNeg   . . .     Faith    .     (no shield)
rPois  .         Spirit   .     (no helmet)
rElec  .         Dismiss  .     (no cloak)
rCorr  .         Reflect  .     g - +0 pair of gloves
MR     .....     Harm     .     (no boots)
Stlth  +++.......               E - amulet of magic regeneration
                                B - ring of wizardry
                                q - +5 ring of protection (curse)

@: mighty, agile
A: powered by pain 2, rot immunity, sturdy frame 2
a: Curse Item, Scrying, Renounce Religion


You were in a labyrinth.
You worshipped Ashenzari.
Ashenzari was aware of your devotion.
You were not hungry.

You visited 2 branches of the dungeon, and saw 11 of its levels.
You also visited: Labyrinth.

You collected 467 gold pieces.

Inventory:

Hand Weapons
 m - a +0 dagger of electrocution
 G - a +3 short sword of venom (weapon)
 L - a +0 scimitar
 M - a +1 long sword
Missiles
 R - a throwing net (quivered)
Armour
 a - a +0 scale mail
 g - a +0 pair of gloves (worn)
 h - a +0 leather armour
 J - a +0 ring mail (worn)
Jewellery
 q - a cursed +5 ring of protection (left hand)
 B - a ring of wizardry (right hand)
 E - an amulet of magic regeneration (around neck)
 H - an uncursed ring of magical power
Wands
 i - a wand of digging (12/24)
 r - a wand of random effects (29/48)
 y - a wand of teleportation (3/9)
 I - a wand of polymorph (6/24)
 K - a wand of polymorph (16/24)
 P - a wand of paralysis (0/24)
Scrolls
 e - 7 scrolls of identify
 j - 2 scrolls of enchant weapon
 l - 3 scrolls of remove curse
 o - a scroll of fog
 u - a scroll of immolation {unknown}
 x - a scroll of magic mapping {unknown}
 z - 2 scrolls of teleportation {unknown}
 A - 2 scrolls of random uselessness {unknown}
 D - 2 scrolls of blinking {unknown}
 N - a scroll of brand weapon {unknown}
Potions
 n - a potion of flight
 p - 2 potions of might
 s - a potion of magic
 w - a potion of cancellation
 C - a potion of degeneration
Books
 b - a book of Callings

   Spells                             Type                      Level
   a - Summon Small Mammal            Summoning                    1
   b - Call Imp                       Summoning                    2
   c - Call Canine Familiar           Summoning                    3
   d - Summon Guardian Golem          Hexes/Summoning              3
   e - Summon Lightning Spire         Summoning/Air                4
   f - Summon Ice Beast               Ice/Summoning                4
 d - a book of the Earth

   Spells                             Type                      Level
   a - Leda's Liquefaction            Hexes/Earth                  4
   b - Bolt of Magma                  Conjuration/Fire/Earth       5
   c - Statue Form                    Transmutation/Earth          6
   d - Iron Shot                      Conjuration/Earth            6
   e - Shatter                        Earth                        9
 O - a book of Clouds

   Spells                             Type                      Level
   a - Mephitic Cloud                 Conjuration/Poison/Air       3
   b - Conjure Flame                  Conjuration/Fire             3
   c - Poisonous Cloud                Conjuration/Poison/Air       6
   d - Freezing Cloud                 Conjuration/Ice/Air          6
   e - Ring of Flames                 Charms/Fire                  7
Comestibles
 c - 3 bread rations
 f - a royal jelly
 F - 3 fruits


   Skills:
 + Level 5.6 Fighting
 + Level 2.8 Long Blades
 - Level 1.7 Dodging
 - Level 1.7 Stealth
 - Level 5.9 Spellcasting
 + Level 11.2 Summonings
 - Level 3.5 Ice Magic
 - Level 4.0 Air Magic


You had 3 spell levels left.
You knew the following spells:

 Your Spells              Type           Power        Failure   Level  Hunger
a - Summon Small Mammal   Summ           ####         1%          1    None
b - Summon Ice Beast      Ice/Summ       ####....     4%          4    ####...
c - Call Canine Familiar  Summ           #####...     1%          3    ##.....
d - Call Imp              Summ           #####...     1%          2    None
e - Summon Lightning Spi  Summ/Air       ####....     2%          4    ####...
f - Summon Guardian Gole  Hex/Summ       ####....     1%          3    ##.....


Dungeon Overview and Level Annotations

Branches:
Dungeon (10/15)              Lair (1/6) D:9
 Temple: D:4-7          Orc: D:9-12

Altars:
Ashenzari
Gozag
Trog
Yredelemnul


Innate Abilities, Weirdness & Mutations

You sometimes gain power by taking damage.
You are immune to rotting.
Your movements are less encumbered by armour. (ER -4)


Message History

The minotaur closely misses you. The minotaur gores you.
* * * LOW HITPOINT WARNING * * *
The minotaur misses you. The minotaur completely misses you.
Unknown command.
Your magical contamination has completely faded away.
The minotaur zaps a rod.
The minotaur creates a blast of thin mist!
Your lightning spire shoots out a bolt of lightning at the minotaur!
The bolt of electricity hits the minotaur. x2
The bolt of electricity hits your lightning spire.
Your lightning spire completely resists.
Unknown command.
You feel much better.
Casting: Summon Lightning Spire
Confirm with . or Enter, or press ? or * to list all spells.
A chill wind blows around you.
The minotaur hits you with a rod of clouds!!
* * * LOW HITPOINT WARNING * * *
The minotaur gores you!
You die...

### #.#
###.#####.#
#.#§Y8....#
#.#H# #####
#.@§#.#
#§#.#.#
#§#.#.#
###.#.#
#.#.# ###.#
#...# #
#.### . # .
#


You could see a minotaur, a friendly ice beast and a friendly lightning spire.

Vanquished Creatures
  A shadow (Lab)
  5 yaks (D:9)
  Menkaure (D:4)
  A phantom (D:6)
  A scorpion (D:7)
  A giant frog zombie (D:9)
  A hound (D:9)
  An iguana (D:5)
  A worker ant (D:5)
  A worker ant zombie (D:6)
  2 adders
  2 dart slugs (D:4)
  5 orcs
  A giant cockroach (D:3)
  5 goblins
  A hobgoblin (D:2)
  4 jackals
  4 kobolds
  2 bats
  A giant gecko skeleton (D:6)
  A giant newt (D:1)
  2 rats
44 creatures vanquished.

Vanquished Creatures (collateral kills)
  The ghost of Pikaro the Impaler, a journeyman FoFi of Uskayaw (D:9)
  Pikel (D:8)
  A hill giant (D:10)
  4 gargoyles (Lab)
  Joseph (D:9)
  Grinder (D:5)
  Prince Ribbit (D:7)
  A shadow (Lab)
  5 spriggans (D:8)
  9 yaks
  A hippogriff (D:9)
  A human (D:8)
  A sky beast (D:6)
  An orc warrior (D:9)
  3 ice beasts
  3 slaves (D:8)
  An ogre (D:6)
  2 centaurs
  A big kobold (D:8)
  2 giant frogs
  2 scorpions
  8 wights (D:8)
  An electric eel (D:9)
  A crimson imp (D:5)
  2 hounds
  2 orc priests
  Terence (D:3)
  An iguana (D:6)
  4 orc wizards
  A worker ant (D:9)
  A worker ant zombie (D:6)
  A howler monkey skeleton (D:5)
  6 adders
  An adder skeleton (D:3)
  A giant gecko (D:8)
  10 orcs
  2 hobgoblins
  2 jackals (D:5)
  5 kobolds
  A giant newt (D:1)
  2 rats (D:1)
96 creatures vanquished.

Vanquished Creatures (others)
  A slave (D:8)
1 creature vanquished.

Grand Total: 141 creatures vanquished

Notes
Turn   | Place    | Note
-------+----------+-------------------------------------------
     0 | D:1      | jacquesderrida the Demonspawn Summoner began the quest for the Orb.
     0 | D:1      | Reached XP level 1. HP: 13/13 MP: 3/3
   151 | D:1      | Gained mutation: You sometimes gain a little power by taking damage. [demonic ancestry]
   151 | D:1      | Reached XP level 2. HP: 19/19 MP: 3/5
   403 | D:2      | Reached skill level 5 in Summonings
   410 | D:2      | Learned a level 2 spell: Call Imp
   426 | D:2      | Gained mutation: Your movements are slightly less encumbered by armour. (ER -2) [demonic ancestry]
   426 | D:2      | Reached XP level 3. HP: 18/24 MP: 6/6
   506 | D:2      | Learned a level 3 spell: Call Canine Familiar
   584 | D:3      | Noticed Terence
   597 | D:3      | Killed Terence
   938 | D:4      | Noticed an ogre
   979 | D:5      | Entered Level 5 of the Dungeon
   987 | D:5      | Gained mutation: Your movements are less encumbered by armour. (ER -4) [demonic ancestry]
   987 | D:5      | Reached XP level 4. HP: 25/30 MP: 1/7
  1244 | D:4      | Noticed Menkaure
  1259 | D:4      | Killed Menkaure
  1259 | D:4      | Reached skill level 6 in Summonings
  1259 | D:4      | Reached XP level 5. HP: 20/35 MP: 1/8
  1345 | D:5      | Noticed Grinder
  1355 | D:5      | Paralysed by Grinder for 6 turns
  1368 | D:5      | Paralysed by Grinder for 3 turns
  1384 | D:5      | Killed Grinder
  1384 | D:5      | Reached skill level 7 in Summonings
  1384 | D:5      | Reached XP level 6. HP: 11/41 MP: 2/9
  1429 | D:5      | Found an opulent altar of Gozag.
  1501 | D:5      | Noticed an ice beast
  1549 | D:5      | Found a shattered altar of Ashenzari.
  1556 | D:5      | Killed an ice beast
  1556 | D:5      | Reached skill level 8 in Summonings
  1588 | D:5      | Became a worshipper of Ashenzari the Shackled
  1720 | D:6      | Reached XP level 7. HP: 38/46 MP: 6/10
  1796 | D:6      | Learned a level 4 spell: Summon Ice Beast
  1927 | D:6      | Reached skill level 1 in Ice Magic
  1984 | D:7      | Noticed Prince Ribbit
  1999 | D:7      | Killed Prince Ribbit
  1999 | D:7      | Reached skill level 9 in Summonings
  2028 | D:7      | Found a bloodstained altar of Trog.
  2246 | D:8      | Gained mutation: You sometimes gain power by taking damage. [demonic ancestry]
  2246 | D:8      | Reached XP level 8. HP: 31/52 MP: 2/12
  2320 | D:8      | Noticed Pikel
  2368 | D:8      | Killed Pikel
  2444 | D:8      | Learned a level 4 spell: Summon Lightning Spire
  2539 | D:8      | Reached skill level 1 in Fighting
  2539 | D:8      | Reached skill level 1 in Air Magic
  2635 | D:8      | Reached skill level 10 in Summonings
  2664 | D:8      | Found a basalt altar of Yredelemnul.
  2865 | D:8      | Gained mutation: You are immune to rotting. [demonic ancestry]
  2865 | D:8      | Reached XP level 9. HP: 59/61 MP: 11/16
  2933 | D:9      | Found a staircase to the Lair.
  3045 | D:9      | Reached skill level 5 in Spellcasting
  3366 | D:9      | Reached * piety under Ashenzari
  3383 | D:10     | Entered Level 10 of the Dungeon
  3409 | D:9      | Noticed Joseph
  3426 | D:9      | Killed Joseph
  3465 | D:9      | Noticed Pikaro's ghost (journeyman FoFi)
  3485 | D:9      | Killed Pikaro's ghost
  3485 | D:9      | Reached skill level 1 in Long Blades
  3548 | D:10     | Noticed a hill giant
  3556 | D:10     | Killed a hill giant
  3556 | D:10     | Reached XP level 10. HP: 60/73 MP: 7/18
  3610 | D:9      | Reached skill level 5 in Fighting
  3665 | Lair:1   | Entered Level 1 of the Lair of Beasts
  3733 | Lair:1   | Found a labyrinth entrance.
  3739 | Lab      | Entered a labyrinth
  3807 | Lab      | Noticed a gargoyle
  3807 | Lab      | Noticed a gargoyle
  3807 | Lab      | Noticed a gargoyle
  3808 | Lab      | Noticed a gargoyle
  3849 | Lab      | Killed a gargoyle
  3849 | Lab      | Reached skill level 11 in Summonings
  3928 | Lab      | Killed a gargoyle
  3957 | Lab      | Killed a gargoyle
  4035 | Lab      | Killed a gargoyle
  4240 | Lab      | Learned a level 3 spell: Summon Guardian Golem
  4430 | Lab      | Noticed a minotaur
  4484 | Lab      | HP: 2/75 [minotaur/rod of clouds (2)]
  4488 | Lab      | Identified a +2 rod of clouds (0/9)
  4488 | Lab      | Slain by a minotaur

Vault maps used:
D:1:      dpeg_arrival_connections, minmay_heptomino_d4
D:2:      serial_forest, infiniplex_forest_lined_room_3,
          infiniplex_forest_lined_room_2, infiniplex_forest_end_2,
          infiniplex_forest_zigzag_1, infiniplex_forest_split,
          infiniplex_forest_split
D:3:      uniq_terence
D:4:      zin_angel, uniq_menkaure
D:5:      ashenzari_conservatory_becter, grunt_temple_overflow_open,
          first_bread, grunt_gozag_statues, uniq_sigmund, uniq_grinder
D:6:      kennysheep_mini_moat, grunt_ministairs_4, lemuel_tele_altar
D:7:      lightli_temple_of_fire, uniq_prince_ribbit1
D:8:      kb_forest_paths, old_standard_altar, grunt_livestock, uniq_pikel
D:9:      argonaut_augean_stables, lair_0_dummy, kennysheep_potato, uniq_joseph
D:10:     minmay_orc_entry_temple_small, uniq_fannar
Lair:1:   gammafunk_lair_bear_cave, portal_ice_cave_demonic_guard,
          lab_entry_generic
Lab:      labyrinth_spiral, nicolae_lab_starburst, nicolae_lab_quarters,
          nicolae_lab_x, labyrinth_skeletal_remains

Skill      XL: |  1  2  3  4  5  6  7  8  9 10 |
---------------+-------------------------------+-----
Summonings     | 5 6 7 8 9 10 11 | 11.2
Ice Magic      | 2 3 |  3.5
Spellcasting   | 3 4 5 |  5.9
Fighting       | 2 4 5 |  5.6
Air Magic      | 2 4 |  4.0
Long Blades    | 1 2 |  2.8
Dodging        | |  1.7
Stealth        | |  1.7

Action                   |  1- 3 |  4- 6 |  7- 9 | 10-12 || total
-------------------------+-------+-------+-------+-------++-------
Melee: Dagger            |    96 |    40 |    32 |       ||   168
       Unarmed           |     2 |       |     5 |       ||     7
       Short sword       |       |       |    89 |    19 ||   108
       Long sword        |       |       |     3 |       ||     3
 Cast: Summon Small Mamm |    19 |       |       |       ||    19
       Call Imp          |     6 |    11 |       |       ||    17
       Call Canine Famil |     4 |     7 |    18 |    15 ||    44
       Summon Ice Beast  |       |       |    46 |    24 ||    70
       Summon Lightning  |       |       |     9 |     4 ||    13
Invok: Curse Item        |       |       |     1 |       ||     1
Evoke: Wand              |       |       |     4 |     5 ||     9
       Box of beasts     |       |       |       |     4 ||     4
  Use: Potion            |     2 |       |     1 |     3 ||     6
       Scroll            |       |       |     9 |     1 ||    10
 Stab: Distracted        |       |       |     1 |       ||     1
  Eat: Chunk             |       |     3 |    15 |     2 ||    20
       Pizza             |       |     1 |       |     1 ||     2
       Fruit             |       |     1 |       |       ||     1
       Beef jerky        |       |       |     1 |       ||     1
       Meat ration       |       |       |       |     1 ||     1
Armor: Leather armour    |    58 |    20 |    29 |       ||   107
       Robe              |     3 |       |       |       ||     3
       Ring mail         |       |       |    30 |     8 ||    38
Dodge: Dodged            |    77 |    30 |    72 |    23 ||   202
